 Dungeon Crawl Stone Soup version 0.30.0-29-ga12c61a403 (webtiles) character file.

Game seed: 5262830654310339042

4657 croobank the Summoner (level 10, -1/74 HPs)
             Began as a Gnoll Summoner on June 19, 2023.
             Was an Initiate of Gozag.
             Slain by a wraith (6 damage)
             ... on level 9 of the Dungeon on June 20, 2023.
             The game lasted 00:35:09 (9625 turns).

croobank the Summoner (Gnoll Summoner)              Turns: 9625, Time: 00:35:10

Health: -1/74      AC:  5    Str:  8    XL:     10   Next: 43%
Magic:  16/21      EV: 14    Int: 19    God:    Gozag
Gold:   590        SH:  5    Dex: 12    Spells: 9/24 levels left

rFire   + . .        f - +6 shillelagh "Devastator" {shatter}
rCold   + . .        e - +0 buckler
rNeg    + . .        G - +0 robe {rC+ rF+}
rPois   .            z - +0 helmet
rElec   .            v - +1 cloak
rCorr   .            (no gloves)
SInv    +            (no boots)
Will    .....        (no amulet)
Stlth   +++          i - ring of positive energy
HPRegen 0.32/turn    l - ring of see invisible
MPRegen 0.17/turn

%: no passive effects
@: gold aura, slowed, very slow
A: fangs 1, strong nose, distributed training
a: Renounce Religion, Potion Petition, Call Merchant, Bribe Branch


You were on level 9 of the Dungeon.
You worshipped Gozag.
Gozag was pleased with you.
You visited 2 branches of the dungeon, and saw 10 of its levels.
You also visited: Ossuary.

You collected 652 gold pieces.
You paid 62 gold pieces to Gozag.

Inventory:

Hand Weapons
 a - a +4 dagger of pain
 f - the +6 shillelagh "Devastator" (weapon) {shatter}
   (You found it on level 7 of the Dungeon)
 o - a +1 scythe of protection
 y - a +0 short sword of venom
 B - a +3 flail
 C - a +0 trident
 F - a +0 war axe
 J - the +8 hammer of Shame {heavy, Int+3 Dex+5}
   (You found it on level 6 of the Dungeon)

   Int:       It affects your intelligence (+3).
   Dex:       It affects your dexterity (+5).
 Q - a +0 vampiric war axe
 U - a +1 dagger of electrocution
 W - a +0 long sword
Missiles
 g - 23 poisoned darts
 m - 3 throwing nets
 r - 12 boomerangs
 H - 3 javelins
 N - 4 atropa-tipped darts
Armour
 d - a +0 robe
 e - a +0 buckler (worn)
 v - a +1 cloak (worn)
 x - a +0 leather armour
 z - a +0 helmet (worn)
 G - a +0 robe of resistance (worn)
 T - a scarf of harm
Magical Staves
 E - a staff of cold
Jewellery
 b - a ring of fire
 i - a ring of positive energy (left hand)
 l - a ring of see invisible (right hand)
 n - an amulet of guardian spirit
Wands
 A - a wand of acid (22)
 R - a wand of paralysis (6)
 V - a wand of iceblast (13)
Scrolls
 c - 3 scrolls of vulnerability
 k - 2 scrolls of immolation
 p - a scroll of teleportation
 u - 4 scrolls of amnesia
 P - 4 scrolls of torment
 S - a scroll of identify
Potions
 h - 3 potions of ambrosia
 j - 2 potions of might
 q - 3 potions of mutation {unknown}
 s - 4 potions of attraction
 t - a potion of flight {unknown}
 w - 2 potions of invisibility {unknown}
 D - a potion of brilliance
 I - a potion of lignification {unknown}
 K - a potion of berserk rage
 L - 3 potions of curing
 M - 2 potions of resistance


   Skills:
 + Level 5.4 Fighting
 + Level 5.4 Short Blades
 + Level 5.4 Long Blades
 + Level 5.4 Axes
 + Level 5.4 Maces & Flails
 + Level 5.4 Polearms
 + Level 5.4 Staves
 + Level 5.4 Ranged Weapons
 + Level 5.4 Throwing
 + Level 5.4 Armour
 + Level 7.2 Dodging
 + Level 7.0 Stealth
 + Level 5.4 Shields
 + Level 5.4 Unarmed Combat
 + Level 7.5 Spellcasting
 + Level 4.5 Conjurations
 + Level 4.5 Hexes
 + Level 8.5 Summonings
 + Level 4.5 Necromancy
 + Level 4.5 Translocations
 + Level 4.5 Transmutations
 + Level 4.5 Fire Magic
 + Level 4.5 Ice Magic
 + Level 4.5 Air Magic
 + Level 4.5 Earth Magic
 + Level 4.5 Poison Magic
 + Level 6.0 Invocations
 + Level 5.4 Evocations


You had 9 spell levels left.
You knew the following spells:

 Your Spells              Type           Power      Damage    Failure   Level
a - Summon Small Mammal   Summ           100%       N/A       1%          1
b - Call Imp              Summ           78%        N/A       1%          2
c - Call Canine Familiar  Summ           39%        N/A       1%          3
d - Summon Guardian Gole  Hex/Summ       32%        N/A       2%          3
e - Summon Lightning Spi  Summ/Air       32%        N/A       10%         4
f - Searing Ray           Conj           48%        2d6       3%          2

Your spell library contained the following spells:

 Spells                   Type           Power      Damage    Failure   Level
 Magic Dart               Conj           96%        1d7       2%          1
 Fulminant Prism          Conj/Hex       12%        3d9       22%         4


Dungeon Overview and Level Annotations

Branches:
Dungeon (9/15)             Temple (1/1) D:7         Ossuary (visited)
   Lair: D:8-11         Orc: D:9-12

Altars:
Cheibriados
Gozag
Kikubaaqudgha
Nemelex Xobeh
Okawaru
Qazlal
Ru
Sif Muna
Uskayaw
Vehumet
Wu Jian
Xom
Zin
The Shining One

Annotations:
D:6 1 runed translucent door, Crazy Yiuf


Innate Abilities, Weirdness & Mutations

You have very sharp teeth.
Your uncanny sense of smell can sniff out nearby items.
Your experience applies equally to all skills.


Message History

You feel as though you will be slow longer.
The wraith closely misses you. The unseen horror hits your wolf!
You hit the wraith but do no damage.
The wraith is heavily damaged.
The unseen horror barely misses your wolf.
The unseen horror closely misses your wolf.
Your wolf bites the unseen horror!
The unseen horror dies!
The wraith closely misses you.
Your Stealth skill increases to level 7!
Your Invocations skill increases to level 6!
You hit the wraith.
The wraith is heavily damaged.
The wraith hits you!
* * * LOW HITPOINT WARNING * * *
Your wolf bites the wraith.
The wraith hits your wolf!
Your wolf bites the wraith!
Really attack near your wolf?
You barely miss the wraith.
The wraith is almost destroyed.
Your wolf barely misses the wraith.
The wraith closely misses you.
Your wolf bites the wraith but does no damage.
Really attack near your wolf? [Y]es or [N]o only, please.
Really attack near your wolf? [Y]es or [N]o only, please.
Really attack near your wolf?
You hit the wraith.
Your wolf shudders.
You kill your wolf!
Your wolf's corpse disappears in a puff of smoke!
The wraith is almost destroyed.
The wraith hits you.
* * * LOW HITPOINT WARNING * * *
The wraith hits you!
* * * LOW HITPOINT WARNING * * *
The wraith drains your vigour!
You feel as though you will be slow longer.
The wraith attacks as you move away! The wraith hits you.
You die...
Your body crumbles into a pile of gold.

#.....##..###).##
#.....).)........
#....)##).###).##
###$..###..###..#
#.$..##
#.).))).## #$####
#########.
##$#####
####......
#.8....#
#.........
#ยง@###.#
#.....###. #.W.#
#......... #.#.#
#.....###. #. .#
#.....###. #. ..
####...... ## ###
#######


You could see a wraith (ally target) and a friendly lightning spire (summoned).

Vanquished Creatures
  Pikel (D:5)
  2 steam dragons
  A water moccasin (D:8)
  2 black bears
  A centaur (D:9)
  A lemure (D:5)
  2 kobold brigands (D:8)
  A bullfrog (D:8)
  A gnoll sergeant (D:9)
  A scorpion (D:7)
  A water moccasin zombie (Ossuary)
  A hound (D:6)
  A water moccasin simulacrum (D:4)
  6 orc priests
  An iguana (D:7)
  5 orc wizards
  2 mummies (Ossuary)
  5 gnolls (D:9)
  2 adders
  A white imp (D:5)
  A dart slug (D:4)
  16 orcs
  An endoplasm (D:3)
  A giant cockroach (D:3)
  2 goblins
  A hobgoblin (D:3)
  A jackal (D:3)
  2 quokkas
  A ball python (D:1)
  3 bats
  3 frilled lizards
  2 gnoll zombies (Ossuary)
  3 hobgoblin zombies (Ossuary)
  12 kobolds
  4 kobold zombies (Ossuary)
  An orc zombie (Ossuary)
  2 rats
94 creatures vanquished.

Vanquished Creatures (collateral kills)
  An unseen horror (D:9)
  Sigmund (D:2)
  Duvessa (D:4)
  An ice beast (D:7)
  A phantom (D:4)
  Blork the orc (D:5)
  A bullfrog (D:6)
  5 water moccasin zombies (Ossuary)
  2 scorpions
  3 wights (D:8)
  Dowan (D:4)
  2 hounds
  3 jellies
  3 orc priests
  A sleepcap (D:6)
  2 iguanas
  4 orc wizards
  A bullfrog simulacrum (D:4)
  A scorpion simulacrum (D:4)
  6 gnolls
  6 adders
  A hound simulacrum (D:4)
  A shadow imp (D:5)
  3 white imps
  2 adder zombies (Ossuary)
  3 worms
  A dart slug (D:2)
  An adder simulacrum (D:4)
  22 orcs
  7 endoplasms
  5 giant cockroaches
  8 goblins
  4 hobgoblins
  2 jackals
  7 kobolds
  A quokka (D:3)
  A ball python (D:4)
  A bat (D:2)
  3 frilled lizards (D:2)
  A gnoll zombie (Ossuary)
  3 hobgoblin zombies (Ossuary)
  2 kobold zombies (Ossuary)
  4 orc zombies (Ossuary)
  3 rats
133 creatures vanquished.

Vanquished Creatures (others)
  The ghost of Fodor the Covered, an amateur MiFi (D:4)
  A water moccasin (D:5)
  2 lemures (D:5)
  A kobold brigand (D:8)
  A wight (D:8)
  2 gnoll boudas
  An orc priest (D:8)
  4 gnolls (D:5)
  2 orcs (D:5)
  2 kobolds (D:8)
17 creatures vanquished.

Grand Total: 244 creatures vanquished

Notes
Turn   | Place    | Note
-------+----------+-------------------------------------------
     0 | D:1      | croobank the Gnoll Summoner began the quest for the Orb.
     0 | D:1      | Reached XP level 1. HP: 13/13 MP: 6/6
   430 | D:1      | Reached XP level 2. HP: 19/19 MP: 3/7
   433 | D:1      | Learned a level 2 spell: Call Imp
  1122 | D:2      | Noticed Sigmund
  1371 | D:2      | Reached skill level 5 in Spellcasting
  1371 | D:2      | Reached XP level 3. HP: 25/25 MP: 7/9
  1375 | D:2      | Learned a level 3 spell: Call Canine Familiar
  1524 | D:2      | Reached skill level 1 in Invocations
  1531 | D:2      | Reached skill level 1 in Fighting
  1531 | D:2      | Reached skill level 1 in Short Blades
  1531 | D:2      | Reached skill level 1 in Long Blades
  1531 | D:2      | Reached skill level 1 in Axes
  1531 | D:2      | Reached skill level 1 in Maces & Flails
  1531 | D:2      | Reached skill level 1 in Polearms
  1531 | D:2      | Reached skill level 1 in Staves
  1531 | D:2      | Reached skill level 1 in Ranged Weapons
  1531 | D:2      | Reached skill level 1 in Throwing
  1531 | D:2      | Reached skill level 1 in Armour
  1531 | D:2      | Reached skill level 1 in Shields
  1531 | D:2      | Reached skill level 1 in Unarmed Combat
  1531 | D:2      | Reached skill level 1 in Evocations
  1723 | D:2      | Killed Sigmund
  1724 | D:2      | Reached skill level 1 in Conjurations
  1724 | D:2      | Reached skill level 1 in Hexes
  1724 | D:2      | Reached skill level 1 in Necromancy
  1724 | D:2      | Reached skill level 1 in Translocations
  1724 | D:2      | Reached skill level 1 in Transmutations
  1724 | D:2      | Reached skill level 1 in Fire Magic
  1724 | D:2      | Reached skill level 1 in Ice Magic
  1724 | D:2      | Reached skill level 1 in Air Magic
  1724 | D:2      | Reached skill level 1 in Earth Magic
  1724 | D:2      | Reached skill level 1 in Poison Magic
  1724 | D:2      | Reached XP level 4. HP: 33/33 MP: 1/11
  1724 | D:2      | Reached XP level 5. HP: 38/38 MP: 1/12
  2023 | D:2      | Reached XP level 6. HP: 41/44 MP: 10/13
  2102 | D:3      | Learned a level 3 spell: Summon Guardian Golem
  2107 | D:3      | Learned a level 4 spell: Summon Lightning Spire
  2243 | D:3      | Reached skill level 5 in Dodging
  3345 | D:4      | Noticed Fodor's ghost (amateur MiFi)
  3378 | D:4      | Found a runed translucent gate.
  3378 | D:4      | Found a runed translucent gate.
  3378 | D:4      | Found a runed translucent gate.
  3417 | D:4      | Reached XP level 7. HP: 48/50 MP: 7/15
  3461 | D:4      | Killed Fodor's ghost
  3462 | D:4      | Reached skill level 5 in Stealth
  3761 | D:4      | Reached XP level 8. HP: 43/58 MP: 3/16
  4316 | D:4      | Noticed Duvessa
  4319 | D:4      | Noticed Dowan
  4327 | D:4      | Killed Dowan
  4332 | D:4      | Killed Duvessa
  4545 | D:4      | Found a snail-covered altar of Cheibriados.
  4612 | D:5      | Entered Level 5 of the Dungeon
  4972 | D:5      | Noticed Blork the orc
  4985 | D:5      | Killed Blork the orc
  5255 | D:5      | Noticed Pikel
  5280 | D:5      | Killed Pikel
  5281 | D:5      | Reached XP level 9. HP: 15/65 MP: 2/18
  5789 | D:5      | Learned a level 2 spell: Searing Ray
  5823 | D:6      | Reached skill level 8 in Summonings
  6940 | D:6      | Identified the +8 hammer of Shame {heavy, Int+3 Dex+5}
  6942 | D:6      | Found a runed translucent door.
  6943 | D:6      | Noticed Crazy Yiuf
  7129 | D:7      | Found a shimmering blue altar of Sif Muna.
  7235 | D:7      | Found a hide-covered altar of Uskayaw.
  7283 | D:7      | Found the +6 shillelagh "Devastator" {shatter}
  7348 | D:7      | Reached skill level 5 in Invocations
  7364 | D:7      | Found a sand-covered staircase.
  7374 | Ossuary  | Entered an ossuary
  7759 | D:7      | Found a staircase to the Ecumenical Temple.
  7846 | Temple   | Entered the Ecumenical Temple
  7900 | Temple   | Became a worshipper of Gozag Ym Sagoz the Greedy
  8749 | D:8      | Reached skill level 5 in Fighting
  8749 | D:8      | Reached skill level 5 in Short Blades
  8749 | D:8      | Reached skill level 5 in Long Blades
  8749 | D:8      | Reached skill level 5 in Axes
  8749 | D:8      | Reached skill level 5 in Maces & Flails
  8749 | D:8      | Reached skill level 5 in Polearms
  8749 | D:8      | Reached skill level 5 in Staves
  8749 | D:8      | Reached skill level 5 in Ranged Weapons
  8749 | D:8      | Reached skill level 5 in Throwing
  8749 | D:8      | Reached skill level 5 in Armour
  8749 | D:8      | Reached skill level 5 in Shields
  8749 | D:8      | Reached skill level 5 in Unarmed Combat
  8749 | D:8      | Reached skill level 5 in Evocations
  8749 | D:8      | Reached XP level 10. HP: 42/74 MP: 20/20
  9608 | D:9      | Noticed an unseen horror
  9621 | D:9      | Killed an unseen horror
  9625 | D:9      | Slain by a wraith

Illustrated notes

Levels and vault maps discovered:
D:1:      minmay_arrival_jagged, layout_basic
D:2:      layout_basic, minmay_mini_jars, uniq_sigmund
D:3:      layout_basic, kennysheep_decorative_pillar, hangedman_feature_mirror
D:4:      cheibrodos_old_hovel, layout_basic, lemuel_coloured_pillars_altar,
          gammafunk_ghost_icy, minmay_liquid_box, minmay_hedge_maze,
          minmay_bisected, uniq_duvessa
D:5:      layout_rooms, uniq_blork_the_orc, uniq_pikel
D:6:      layout_cave_pods, kennysheep_generic_room_8, uniq_crazy_yiuf_cottage
D:7:      layout_loops_cross, mainiacjoe_overflow_two_lobes,
          minmay_temple_entry_mist, nicolae_ossuary_entry_ruins
D:8:      layout_loops_ring, lemuel_flamethrower_2
D:9:      layout_loops_cross, grunt_temple_overflow_open, st_stairs_3
Temple:   bh_familiar_temple

Skill      XL: |  1  2  3  4  5  6  7  8  9 10 |
---------------+-------------------------------+-----
Spellcasting   | 5 6 7 |  7.5
Invocations    | 2 3 4 5 6 |  6.0
Fighting       | 1 2 3 4 5 |  5.4
Short Blades   | 1 2 3 4 5 |  5.4
Long Blades    | 1 2 3 4 5 |  5.4
Axes           | 1 2 3 4 5 |  5.4
Maces & Flails | 1 2 3 4 5 |  5.4
Polearms       | 1 2 3 4 5 |  5.4
Staves         | 1 2 3 4 5 |  5.4
Ranged Weapons | 1 2 3 4 5 |  5.4
Throwing       | 1 2 3 4 5 |  5.4
Armour         | 1 2 3 4 5 |  5.4
Shields        | 1 2 3 4 5 |  5.4
Unarmed Combat | 1 2 3 4 5 |  5.4
Evocations     | 1 2 3 4 5 |  5.4
Conjurations   | 1 2 3 4 |  4.5
Hexes          | 1 2 3 4 |  4.5
Necromancy     | 1 2 3 4 |  4.5
Translocations | 1 2 3 4 |  4.5
Transmutations | 1 2 3 4 |  4.5
Fire Magic     | 1 2 3 4 |  4.5
Ice Magic      | 1 2 3 4 |  4.5
Air Magic      | 1 2 3 4 |  4.5
Earth Magic    | 1 2 3 4 |  4.5
Poison Magic   | 1 2 3 4 |  4.5
Dodging        | 5 6 7 |  7.2
Stealth        | 5 6 7 |  7.0
Summonings     | 8 |  8.5

Action                     |  1- 3 |  4- 6 |  7- 9 | 10-12 || total
---------------------------+-------+-------+-------+-------++-------
  Melee: Dagger            |    20 |    80 |    32 |       ||   132
         Bite              |     2 |     3 |    26 |     1 ||    32
         Punch             |       |       |     3 |       ||     3
         Trident           |       |       |    92 |       ||    92
         Shillelagh        |       |       |    40 |    62 ||   102
   Cast: Summon Small Mamm |    27 |    21 |    15 |     2 ||    65
         Call Imp          |     8 |     7 |    12 |     1 ||    28
         Call Canine Famil |     5 |    10 |    16 |     4 ||    35
         Summon Guardian G |       |     5 |    21 |     2 ||    28
         Summon Lightning  |       |     1 |    10 |     2 ||    13
         Searing Ray       |       |       |     2 |       ||     2
  Evoke: Wand              |       |       |     1 |     1 ||     2
    Use: Potion            |     3 |       |     3 |     1 ||     7
         Scroll            |       |     4 |    14 |       ||    18
   Stab: Sleeping          |     3 |     3 |     8 |     2 ||    16
         Distracted        |       |     3 |     1 |     1 ||     5
 Armour: Robe              |     1 |    15 |    34 |    11 ||    61
         Leather armour    |       |       |     4 |       ||     4
  Dodge: Dodged            |    10 |    55 |   107 |    31 ||   203
  Block: Buckler           |       |       |    14 |     9 ||    23
